 Dungeon Crawl Stone Soup version 0.18.1-48-g4cf74bf (webtiles) character file.

11261 dvd the Artisan of Death (level 11, -1/75 HPs)
             Began as a Demonspawn Necromancer on Aug 1, 2016.
             Was a Priest of Kikubaaqudgha.
             Slain by a spiny frog (22 damage)
             ... on level 3 of the Lair of Beasts.
             The game lasted 00:48:59 (9401 turns).

dvd the Artisan of Death (Demonspawn Necromancer)   Turns: 9401, Time: 00:49:00

Health: -1/75      AC:  8    Str: 10    XL:     11   Next: 47%
Magic:  18/26      EV: 18    Int: 20    God:    Kikubaaqudgha [***...]
Gold:   790        SH:  4    Dex: 17    Spells: 8 memorised, 8 levels left

rFire  + . .     SeeInvis .     u - +7 mace of Absolution {distort, rN+ Int+3}
rCold  + . .     Gourm    .     m - +2 robe {rC+}
rNeg   + + +     Faith    .     (no shield)
rPois  +         Spirit   .     (helmet restricted)
rElec  .         Dismiss  .     J - +1 cloak
rCorr  +         Reflect  +     (no gloves)
SustAt .         Harm     .     L - +0 pair of boots of the Flute {rPois rCorr}
MR     +....                    H - +4 amulet of reflection
Stlth  +++.......               C - ring "Saubeb Ixkugg" {rN+++ MR+ EV+1 Int-2 Dex+4}
                                N - +2 ring of evasion

@: somewhat resistant to hostile enchantments, fairly stealthy
A: antennae 2, molten scales 1, fire resistance 1, spiny 2, flame cloud
immunity, MP-powered wands
a: Receive Corpses, Renounce Religion


You were on level 3 of the Lair of Beasts.
You worshipped Kikubaaqudgha.
Kikubaaqudgha was most pleased with you.
You were not hungry.

You visited 2 branches of the dungeon, and saw 12 of its levels.

You collected 790 gold pieces.

Inventory:

Hand Weapons
 a - a +2 short sword of protection
 u - the +7 mace of Absolution (weapon) {distort, rN+ Int+3}
   (You found it on level 5 of the Dungeon)

   It warps and distorts space around it.
   Unwielding it can cause banishment or high damage.
   It affects your intelligence (+3).
   It protects you from negative energy.
 w - a +0 halberd of freezing
 F - a +5 scythe of venom
 I - a +2 quarterstaff of chaos
Missiles
 B - 5 tomahawks (quivered)
Armour
 i - the +12 plate armour of the Barber Surgeon {Regen+ Str+2 Int+3 Dex+2}
   (You found it on level 9 of the Dungeon)

   It affects your strength (+2).
   It affects your intelligence (+3).
   It affects your dexterity (+2).
   It increases your rate of regeneration.
 m - a +2 robe of cold resistance (worn)
 x - a +1 scale mail of fire resistance
 J - a +1 cloak (worn)
 L - the +0 pair of boots of the Flute (worn) {rPois rCorr}
   (You found it on level 6 of the Dungeon)

   It protects you from poison.
   It protects you from acid and corrosion.
 T - the -1 cloak "Goraemm" {rElec Str-5 Int+3}
   (You found it on level 7 of the Dungeon)

   It affects your strength (-5).
   It affects your intelligence (+3).
   It insulates you from electricity.
Magical Staves
 z - an uncursed staff of fire
Jewellery
 h - an uncursed ring of protection from fire
 v - an uncursed ring of protection from cold
 C - the ring "Saubeb Ixkugg" (right hand) {rN+++ MR+ EV+1 Int-2 Dex+4}
   (You found it on level 5 of the Dungeon)

   [ring of evasion]

   It affects your evasion (+1).
   It affects your intelligence (-2).
   It affects your dexterity (+4).
   It renders you almost immune to negative energy.
   It affects your resistance to hostile enchantments.
 H - a +4 amulet of reflection (around neck)
 N - a +2 ring of evasion (left hand)
Wands
 p - a wand of flame (44/48)
 t - a wand of iceblast (5/15)
 y - a wand of disintegration (18/24)
Scrolls
 o - 7 scrolls of identify
 q - 8 scrolls of remove curse
 E - a scroll of enchant armour
 G - 2 scrolls of recharging
Potions
 d - 3 potions of agility
 e - 3 potions of heal wounds
 j - a potion of invisibility
 n - a potion of resistance
 r - a potion of cure mutation
 s - a potion of curing
 M - 2 potions of berserk rage
 P - a potion of brilliance
 S - a potion of flight
Books
 b - a book of Necromancy

   Spells                             Type                      Level
   a - Pain                           Necromancy                   1
   b - Animate Skeleton               Necromancy                   1
   c - Vampiric Draining              Necromancy                   3
   d - Regeneration                   Charms/Necromancy            3
   e - Animate Dead                   Necromancy                   4
   f - Control Undead                 Necromancy                   4
 k - Kikubaaqudgha's Papyrus of Dark Arts
   (Kikubaaqudgha gifted it to you on level 3 of the Lair of Beasts)

   Spells                             Type                      Level
   a - Animate Dead                   Necromancy                   4
   b - Excruciating Wounds            Charms/Necromancy            5
   c - Bolt of Draining               Conjuration/Necromancy       5
   d - Dispel Undead                  Necromancy                   5
   e - Death Channel                  Necromancy                   6
 l - a book of Geomancy

   Spells                             Type                      Level
   a - Sandblast                      Earth                        1
   b - Passwall                       Transmutation/Earth          2
   c - Stone Arrow                    Conjuration/Earth            3
   d - Petrify                        Transmutation/Earth          4
   e - Lee's Rapid Deconstruction     Earth                        5
 O - a book of Annihilations

   Spells                             Type                      Level
   a - Poison Arrow                   Conjuration/Poison           6
   b - Chain Lightning                Conjuration/Air              8
   c - Lehudib's Crystal Spear        Conjuration/Earth            8
   d - Glaciate                       Conjuration/Ice              9
   e - Fire Storm                     Conjuration/Fire             9
 Q - a book of Transfigurations

   Spells                             Type                      Level
   a - Irradiate                      Conjuration/Transmutation    5
   b - Statue Form                    Transmutation/Earth          6
   c - Hydra Form                     Transmutation                6
   d - Dragon Form                    Transmutation                7
 R - Kikubaaqudgha's Compendium of Evil
   (Kikubaaqudgha gifted it to you on level 7 of the Dungeon)

   Spells                             Type                      Level
   a - Animate Skeleton               Necromancy                   1
   b - Corpse Rot                     Necromancy                   2
   c - Sublimation of Blood           Necromancy                   2
   d - Regeneration                   Charms/Necromancy            3
   e - Control Undead                 Necromancy                   4
 U - the Handbook of Dark Rites and Venom
   (You found it on level 8 of the Dungeon)

   Spells                             Type                      Level
   a - Cure Poison                    Poison                       2
   b - Regeneration                   Charms/Necromancy            3
   c - Olgreb's Toxic Radiance        Poison                       4
Comestibles
 c - 13 bread rations
 f - 11 meat rations
 g - 2 slices of pizza
 A - a beef jerky
 D - 2 fruits
 K - a royal jelly
 V - 6 chunks of flesh


   Skills:
 + Level 3.5 Fighting
 + Level 1.0 Short Blades
 + Level 2.9 Maces & Flails
 + Level 1.1 Polearms
 + Level 0.1 Armour
 + Level 5.1 Dodging
 + Level 3.9 Stealth
 + Level 11.1 Spellcasting
 + Level 1.7 Charms
 + Level 12.1 Necromancy
 + Level 0.2 Poison Magic
 + Level 0.8 Evocations


You had 8 spell levels left.
You knew the following spells:

 Your Spells              Type           Power        Failure   Level  Hunger
a - Pain                  Necr           ####         1%          1    None
b - Vampiric Draining     Necr           ######....   1%          3    None
c - Regeneration          Chrm/Necr      #####.....   1%          3    None
d - Animate Dead          Necr           N/A          1%          4    ##.....
e - Control Undead        Necr           ######....   1%          4    ##.....
f - Sublimation of Blood  Necr           ######....   1%          2    None
g - Cure Poison           Pois           ##........   12%         2    None
h - Dispel Undead         Necr           ######..     1%          5    ####...


Dungeon Overview and Level Annotations

Branches:
Dungeon (9/15)             Temple (0/1) D:7            Lair (3/8) D:9
    Orc (0/2) D:9
  Swamp: Lair:3-6    Shoals: Lair:3-6     Snake: Lair:3-6    Spider: Lair:3-6

Altars:
Elyvilon
Fedhas
Gozag
Kikubaaqudgha
Qazlal
Ru
Sif Muna
Trog
Yredelemnul


Innate Abilities, Weirdness & Mutations

You have a pair of antennae on your head.
You are partially covered in molten scales (AC +1).
Your flesh is heat resistant.
You are mostly covered in sharp spines.
You are immune to clouds of flame.
You expend magic power (3 MP) to strengthen your wands.


Message History

You feel life coursing into your body.
The spiny frog is struck by your spines.
The spiny frog stings you!!
* * * LOW HITPOINT WARNING * * *
The griffon bites you.
* * * LOW HITPOINT WARNING * * *
The griffon pecks you but does no damage.
The griffon claws you but does no damage.
The spiny frog is struck by your spines.
The spiny frog closely misses you. The griffon is struck by your spines.
The griffon closely misses you. x2; You block the griffon's attack.
Casting: Vampiric Draining
Confirm with . or Enter, or press ? or * to list all spells.
Aiming: Vampiric Draining
Press: ? - help, Shift-Dir - straight line, f/p - spiny frog
Aim: a spiny frog (severely wounded)
The spiny frog is severely wounded.
You feel life coursing into your body. The spiny frog stings you!!
You die...
Kikubaaqudgha rasps: "You have failed me!
Welcome... death!"

#... ... ###..#...
.. .#..#.. ...
...#.# ..#
#..#.##.+## ##
##.......... .P.#.
#P.......... .....
##FH...........>...
##@................
#.......>..........
#.....###.+.#......
#....##.##.........
##...##....#......#
#....#...........##
#....#...........#.
#.....#....P......#
##.......Z..#{.....


You could see a griffon and a spiny frog.

Vanquished Creatures
  Harold (Lair:1)
  Erica (D:8)
  The ghost of Heedrag the Destroyer, a journeyman DECj of Vehumet (Lair:3)
  Pikel (D:8)
  Maurice (D:8)
  A black mamba (Lair:3)
  An elephant (D:9)
  3 spiny frogs
  A torpor snail (Lair:3)
  2 komodo dragons (Lair:3)
  Grinder (D:3)
  Sigmund (D:5)
  4 yaks
  2 hippogriffs
  Edmund (D:5)
  The ghost of junkhipster the Covered, an amateur GrFi (D:4)
  A water moccasin (Lair:2)
  4 porcupines
  A black bear (Lair:2)
  2 ice beasts
  4 sky beasts
  An orc warrior (D:7)
  A phantom (D:9)
  5 ogres
  4 crocodiles
  2 centaurs
  A big kobold (D:9)
  8 giant frogs
  Blork the orc (D:5)
  4 jellies
  2 scorpions
  3 killer bees (D:8)
  3 wights (D:8)
  3 crimson imps (D:5)
  2 giant frog zombies
  5 hounds
  2 orc priests
  Crazy Yiuf (D:5)
  4 iguanas
  7 orc wizards
  6 worker ants
  5 sheep (Lair:1)
  4 ogre zombies (D:9)
  3 worker ant zombies
  4 gnolls (D:3)
  10 adders
  An ooze (D:2)
  An adder skeleton (D:9)
  An adder zombie (D:6)
  2 worms
  3 dart slugs
  7 giant geckos
  25 orcs
  A ball python (D:3)
  5 giant cockroaches
  7 goblins
  5 hobgoblins (D:1)
  6 jackals
  16 kobolds
  2 quokkas
  12 bats
  A giant gecko skeleton (D:5)
  A giant gecko zombie (D:8)
  6 giant newts
  2 goblin skeletons (D:9)
  A goblin zombie (D:9)
  3 hobgoblin skeletons (D:9)
  3 hobgoblin zombies (D:9)
  A jackal zombie (D:8)
  2 orc skeletons (D:9)
  8 orc zombies (D:9)
  A quokka zombie (D:9)
  5 rats
254 creatures vanquished.

Vanquished Creatures (collateral kills)
  A spiny frog (Lair:2)
  A hill giant zombie (D:9)
  A hungry ghost (D:9)
  2 crimson imps
  2 orc priests
  3 ogre zombies (D:9)
  A sheep (D:9)
  2 hound skeletons
  An orc (D:7)
  A goblin zombie (D:9)
  A hobgoblin skeleton (D:9)
  An orc skeleton (D:9)
  3 orc zombies (D:9)
  A plant (D:9)
21 creatures vanquished.

Vanquished Creatures (others)
  A hippogriff (Lair:2)
  A crocodile (D:9)
  A giant frog (Lair:3)
  A howler monkey (D:6)
  A centaur zombie (D:8)
  An orc (D:7)
  A kobold (D:9)
  A fungus (Lair:3)
8 creatures vanquished.

Grand Total: 283 creatures vanquished

Notes
Turn   | Place    | Note
--------------------------------------------------------------
     0 | D:1      | dvd the Demonspawn Necromancer began the quest for the Orb.
     0 | D:1      | Reached XP level 1. HP: 13/13 MP: 3/3
   400 | D:1      | Gained mutation: You are partially covered in sharp spines. [demonic ancestry]
   400 | D:1      | Reached XP level 2. HP: 19/19 MP: 3/5
   445 | D:1      | Reached skill level 5 in Necromancy
   923 | D:1      | Reached XP level 3. HP: 23/24 MP: 4/6
   950 | D:1      | Learned a level 3 spell: Vampiric Draining
  1771 | D:3      | Gained mutation: You are mostly covered in sharp spines. [demonic ancestry]
  1771 | D:3      | Reached XP level 4. HP: 29/30 MP: 6/8
  1813 | D:3      | Learned a level 3 spell: Regeneration
  2074 | D:3      | Reached XP level 5. HP: 33/35 MP: 2/10
  2160 | D:3      | Noticed Grinder
  2205 | D:3      | Paralysed by Grinder for 4 turns
  2213 | D:3      | Paralysed by Grinder for 6 turns
  2224 | D:3      | Paralysed by Grinder for 7 turns
  2229 | D:3      | Killed Grinder
  2229 | D:3      | Reached skill level 6 in Necromancy
  2229 | D:3      | Gained mutation: Your flesh is heat resistant. [demonic ancestry]
  2229 | D:3      | Reached XP level 6. HP: 19/42 MP: 10/12
  2250 | D:3      | Learned a level 4 spell: Animate Dead
  2609 | D:3      | Found a faded altar to an unknown god.
  2660 | D:4      | Noticed a sky beast
  2673 | D:4      | Killed a sky beast
  2683 | D:4      | Gained mutation: You are immune to clouds of flame. [demonic ancestry]
  2683 | D:4      | Reached XP level 7. HP: 45/47 MP: 4/13
  2805 | D:4      | Reached skill level 7 in Necromancy
  2837 | D:4      | Noticed junkhipster's ghost (amateur GrFi)
  2858 | D:4      | Killed junkhipster's ghost
  2858 | D:4      | Reached skill level 5 in Spellcasting
  3141 | D:4      | Learned a level 4 spell: Control Undead
  3173 | D:4      | Found a basalt altar of Yredelemnul.
  3252 | D:5      | Entered Level 5 of the Dungeon
  3252 | D:5      | Noticed Sigmund
  3261 | D:5      | Killed Sigmund
  3261 | D:5      | Reached skill level 1 in Short Blades
  3271 | D:5      | Noticed Blork the orc
  3392 | D:5      | Killed Blork the orc
  3396 | D:5      | Gained mutation: You have a pair of small antennae on your head. [demonic ancestry]
  3396 | D:5      | Reached XP level 8. HP: 48/53 MP: 4/17
  3435 | D:5      | Reached skill level 8 in Necromancy
  3539 | D:5      | Found a blossoming altar of Fedhas.
  3542 | D:5      | Found an opulent altar of Gozag.
  3544 | D:5      | Found a white marble altar of Elyvilon.
  3544 | D:5      | Found a bloodstained altar of Trog.
  3545 | D:5      | Found an ancient bone altar of Kikubaaqudgha.
  3545 | D:5      | Found a deep blue altar of Sif Muna.
  3546 | D:5      | Found a sacrificial altar of Ru.
  3603 | D:5      | Became a worshipper of Kikubaaqudgha
  3713 | D:5      | Noticed Crazy Yiuf
  3718 | D:5      | Killed Crazy Yiuf
  3827 | D:5      | Noticed Edmund
  3836 | D:5      | Killed Edmund
  4012 | D:5      | Got a twisted mace
  4015 | D:5      | Got a steaming steel ring
  4016 | D:5      | Identified the ring "Saubeb Ixkugg" {rN+++ MR+ EV+1 Int-2 Dex+4} (You found it on level 5 of the Dungeon)
  4017 | D:5      | Identified the +7 mace of Absolution {distort, rN+ Int+3} (You found it on level 5 of the Dungeon)
  4322 | D:6      | Reached skill level 1 in Polearms
  4431 | D:6      | Got a pair of faintly humming boots
  4437 | D:6      | Identified the +0 pair of boots of the Flute {rPois rCorr} (You found it on level 6 of the Dungeon)
  4556 | D:6      | Reached skill level 9 in Necromancy
  4956 | D:6      | Reached skill level 1 in Fighting
  5056 | D:7      | Reached skill level 1 in Charms
  5056 | D:7      | Reached XP level 9. HP: 52/59 MP: 13/19
  5259 | D:7      | Found a stormy altar of Qazlal.
  5357 | D:7      | Found a staircase to the Ecumenical Temple.
  5364 | D:7      | Reached * piety under Kikubaaqudgha
  5364 | D:7      | Received a gift from Kikubaaqudgha
  5365 | D:7      | Identified Kikubaaqudgha's Compendium of Evil (Kikubaaqudgha gifted it to you on level 7 of the Dungeon)
  5399 | D:7      | Got a dazzling cloak
  5410 | D:7      | Identified the cursed -1 cloak "Goraemm" {rElec Str-5 Int+3} (You found it on level 7 of the Dungeon)
  5591 | D:8      | Learned a level 2 spell: Sublimation of Blood
  5605 | D:8      | Reached skill level 1 in Maces & Flails
  5657 | D:8      | Noticed Erica
  5667 | D:8      | Killed Erica
  5667 | D:8      | Reached skill level 10 in Necromancy
  5672 | D:8      | Identified the Handbook of Dark Rites and Venom (You found it on level 8 of the Dungeon)
  5676 | D:8      | Learned a level 2 spell: Cure Poison
  6056 | D:8      | Noticed Maurice
  6065 | D:8      | Killed Maurice
  6065 | D:8      | Gained mutation: You are partially covered in molten scales (AC +1). [demonic ancestry]
  6065 | D:8      | Reached XP level 10. HP: 52/68 MP: 7/22
  6407 | D:8      | Noticed Pikel
  6414 | D:8      | Killed Pikel
  6605 | D:9      | Noticed an elephant
  6606 | D:9      | Found a staircase to the Lair.
  6614 | D:9      | Reached ** piety under Kikubaaqudgha
  6626 | D:9      | Killed an elephant
  6722 | D:9      | Found a staircase to the Orcish Mines.
  6780 | D:9      | Gained mutation: You expend magic power (3 MP) to strengthen your wands. [mutagenic meat]
  6860 | D:9      | Got a translucent plate armour
  6861 | D:9      | Identified the +12 plate armour of the Barber Surgeon {Regen+ Str+2 Int+3 Dex+2} (You found it on level 9 of the Dungeon)
  7326 | Lair:1   | Entered Level 1 of the Lair of Beasts
  7384 | Lair:1   | Noticed Harold
  7384 | Lair:1   | Noticed a spiny frog
  7390 | Lair:1   | Killed a spiny frog
  7390 | Lair:1   | Reached skill level 10 in Spellcasting
  7390 | Lair:1   | Reached skill level 11 in Necromancy
  7592 | Lair:1   | Killed Harold
  8138 | Lair:2   | Gained mutation: You have a pair of antennae on your head. [demonic ancestry]
  8138 | Lair:2   | Reached XP level 11. HP: 72/75 MP: 21/25
  8810 | Lair:3   | Noticed Heedrag's ghost (journeyman DECj)
  8974 | Lair:3   | Reached skill level 5 in Dodging
  9077 | Lair:3   | Reached *** piety under Kikubaaqudgha
  9077 | Lair:3   | Received a gift from Kikubaaqudgha
  9077 | Lair:3   | Reached skill level 12 in Necromancy
  9078 | Lair:3   | Identified Kikubaaqudgha's Papyrus of Dark Arts (Kikubaaqudgha gifted it to you on level 3 of the Lair of Beasts)
  9093 | Lair:2   | Learned a level 5 spell: Dispel Undead
  9127 | Lair:3   | Killed Heedrag's ghost
  9385 | Lair:3   | Noticed a griffon
  9401 | Lair:3   | Slain by a spiny frog

Skill      XL: |  1  2  3  4  5  6  7  8  9 10 11 |
---------------+----------------------------------+-----
Necromancy     | 5 6 7 9 10 11 12 | 12.1
Spellcasting   | 3 4 6 7 8 10 11 | 11.1
Dodging        | 2 3 4 5 |  5.1
Stealth        | 2 3 |  3.9
Short Blades   | 1 |  1.0
Polearms       | 1 |  1.1
Fighting       | 1 2 3 |  3.5
Charms         | 1 |  1.7
Maces & Flails | 2 |  2.9
Armour         | |  0.1
Poison Magic   | |  0.2
Evocations     | |  0.8

Action                   |  1- 3 |  4- 6 |  7- 9 | 10-12 || total
-------------------------+-------+-------+-------+-------++-------
Melee: Short sword       |    20 |    27 |    20 |       ||    67
       Scythe            |       |       |    25 |       ||    25
       Mace              |       |       |    74 |   139 ||   213
 Cast: Pain              |    56 |    42 |    74 |    60 ||   232
       Vampiric Draining |     1 |     4 |    32 |    38 ||    75
       Regeneration      |       |       |    14 |    15 ||    29
       Animate Dead      |       |       |    17 |    15 ||    32
       Control Undead    |       |       |     3 |     4 ||     7
       Sublimation of Bl |       |       |     5 |    10 ||    15
       Cure Poison       |       |       |       |     1 ||     1
       Dispel Undead     |       |       |       |     2 ||     2
Evoke: Wand              |       |     5 |     2 |     2 ||     9
  Use: Scroll            |       |     2 |    12 |     7 ||    21
       Potion            |       |       |       |    13 ||    13
 Stab: Sleeping          |     1 |     1 |     3 |     9 ||    14
       Distracted        |       |       |     1 |     2 ||     3
  Eat: Chunk             |     3 |     3 |    14 |    14 ||    34
       Beef jerky        |       |       |       |     1 ||     1
Armor: Robe              |     8 |    12 |    15 |    33 ||    68
       Scale mail        |       |     1 |       |       ||     1
Dodge: Dodged            |    12 |    28 |    78 |   108 ||   226
Block: Other             |       |       |     9 |    20 ||    29
       Reflection        |       |       |       |     1 ||     1
